 Dungeon Crawl Stone Soup version 0.18-a0-1435-gee79d65 (webtiles) character file.

207 M4edhros the Insei (level 5, -6/33 HPs)
             Began as an Octopode Artificer on Feb 28, 2016.
             Killed by divine providence
             ... invoked by an orc priest
              (13 damage)
             ... on level 3 of the Dungeon.
             The game lasted 00:04:32 (2650 turns).

M4edhros the Insei (Octopode Artificer)             Turns: 2650, Time: 00:04:32

Health: -6/33      AC:  1    Str: 10    XL:     5   Next: 85%
Magic:  7/7        EV: 12    Int: 16    God:
Gold:   86         SH:  0    Dex: 12    Spells: 0 memorised, 4 levels left

rFire  . . .     SeeInvis .       - Unarmed
rCold  . . .     Gourm    .     (no shield)
rNeg   . . .     Faith    .     (helmet restricted)
rPois  .         Spirit   .     a - amulet of dismissal
rElec  .         Dismiss  +     (no ring)
rCorr  .         Reflect  .     (no ring)
SustAt .         Harm     .     (no ring)
MR     .....                    (no ring)
Stlth  +++.......               (no ring)
                                (no ring)
                                (no ring)
                                (no ring)

@: not resistant to hostile enchantments, fairly stealthy
A: almost no armour, amphibious, 8 rings, constrict 8, camouflage 1, gelatinous
body 1
a: no special abilities


You were on level 3 of the Dungeon.
You were not hungry.

You visited 1 branch of the dungeon, and saw 4 of its levels.

You collected 86 gold pieces.

Inventory:

Hand Weapons
 m - a cursed -2 hunting sling
Missiles
 n - 25 stones (quivered)
Jewellery
 a - an amulet of dismissal (around mantle)
Wands
 b - a wand of flame (15/48)
 c - a wand of enslavement (12/24)
 d - a wand of random effects (12/48)
 i - a wand of random effects (35/48)
Scrolls
 e - a scroll of blinking {unknown}
 p - 2 scrolls of noise {unknown}
 q - a scroll of recharging {unknown}
Comestibles
 f - 2 bread rations
 j - a meat ration
 k - a beef jerky
 r - a slice of pizza


   Skills:
 - Level 1.0 Fighting
   Level 1.0 Short Blades
 - Level 2.0 Dodging
 - Level 1.3 Stealth
 + Level 5.4 Unarmed Combat
 - Level 3.2 Evocations


You had 4 spell levels left.
You didn't know any spells.

Dungeon Overview and Level Annotations

Branches:
Dungeon (4/15)
 Temple: D:4-7

Altars:
Dithmenos

Annotations:
D:3 Amnesiac's ghost, weakling OpTm
D:4 Duvessa


Innate Abilities, Weirdness & Mutations

You cannot wear most types of armour.
You are amphibious.
You can wear up to eight rings at the same time.
You can use your tentacles to constrict eight enemies at once.
Your skin changes colour to match your surroundings (Stealth).
Your rubbery body absorbs attacks (AC +1).


Message History

What do you say? t - Shout!
Orders for allies: a - Attack new target. r - Retreat! s - Stop attacking. w - Wait here. f - Follow me.
Anything else - Stay silent.
Wait here!
You start resting.
All of the chunks of flesh in your inventory have rotted away.
The worm is no longer charmed.
Your orc barely misses the worm.
You tentacle-slap the worm. Your grab misses the worm.
The worm is moderately wounded.
Your orc hits the worm with a flail. The worm bites you.
* * * LOW HITPOINT WARNING * * *
You bludgeon the worm! You grab the worm. You squeeze the worm.
You kill the worm!
Unknown command.
The orc priest invokes the aid of Beogh against you.
Beogh smites you!
You die...

#### ##########..###
###########..†)ww........
#......o....########.#.##
#..............o.o......[
#.......@...#####..s##.##
#######...........r..s...
#####.#####.####..# #.#
## #### #.# # #.#. #.#
#.#.#.8. .# ........
........ #.#.#.8#


You could see an orc priest and a friendly orc (wandering).

Vanquished Creatures
  Dowan (D:4)
  A giant frog skeleton (D:4)
  Robin (D:4)
  2 adders (D:2)
  An ooze (D:1)
  2 worms (D:3)
  4 dart slugs
  5 giant geckos
  An orc (D:3)
  10 bats
  18 goblins
  11 hobgoblins
  3 jackals (D:3)
  3 giant newts
  4 kobolds
  5 rats
72 creatures vanquished.

Vanquished Creatures (collateral kills)
  A dart slug (D:3)
1 creature vanquished.

Vanquished Creatures (others)
  A gnoll (D:3)
1 creature vanquished.

Grand Total: 74 creatures vanquished

Notes
Turn   | Place    | Note
--------------------------------------------------------------
     0 | D:1      | M4edhros the Octopode Artificer began the quest for the Orb.
     0 | D:1      | Reached XP level 1. HP: 13/13 MP: 3/3
   101 | D:1      | Reached skill level 1 in Unarmed Combat
   113 | D:1      | Reached XP level 2. HP: 15/18 MP: 4/4
   214 | D:1      | Reached skill level 2 in Unarmed Combat
   440 | D:1      | Reached XP level 3. HP: 16/23 MP: 5/5
   933 | D:1      | Reached skill level 3 in Unarmed Combat
  1899 | D:2      | Reached XP level 4. HP: 28/28 MP: 6/6
  2101 | D:2      | Found a shadowy altar of Dithmenos.
  2289 | D:3      | Reached skill level 4 in Unarmed Combat
  2347 | D:4      | Reached XP level 5. HP: 27/33 MP: 7/7
  2402 | D:4      | Noticed Robin
  2408 | D:4      | Killed Robin
  2439 | D:4      | Noticed Dowan
  2450 | D:4      | Killed Dowan
  2450 | D:4      | Reached skill level 5 in Unarmed Combat
  2455 | D:4      | Noticed Duvessa
  2522 | D:3      | Noticed Amnesiac's ghost (weakling OpTm)
  2650 | D:3      | Killed from afar by an orc priest

Vault maps used:
D:1:      eino_arrival_druids_welcome
D:2:      kennysheep_the_goblin_king, nicolae_overflow_hidden_temple,
          first_bread
D:3:      minitemple, portal_sewer_entry_e
D:4:      uniq_robin, uniq_natasha, uniq_duvessa

Skill      XL: |  1  2  3  4  5 |
---------------+----------------+-----
Unarmed Combat | 1 2 3 4 5 |  5.4
Fighting       | |  1.0
Short Blades   | |  1.0
Dodging        | |  2.0
Stealth        | |  1.3
Evocations     | |  3.2

Action                   |  1- 3 |  4- 6 || total
-------------------------+-------+-------++-------
Melee: Unarmed           |    72 |    83 ||   155
Evoke: Wand              |       |     6 ||     6
  Use: Scroll            |     4 |       ||     4
       Potion            |       |     6 ||     6
 Stab: Sleeping          |    10 |     2 ||    12
  Eat: Chunk             |     2 |     3 ||     5
